[Event "FIDE WTC Prel-A 2022"]
[Site "Jerusalem"]
[Date "2022.11.21"]
[Round "4.10"]
[White "Cawdery, Daniel"]
[Black "Fressinet, Laurent"]
[Result "0-1"]
[ECO "C47"]
[WhiteElo "2396"]
[BlackElo "2622"]
[Annotator "TA"]
[PlyCount "66"]
[EventDate "2022.11.20"]
[EventType "team-tourn"]
[EventCountry "ISR"]
[SourceTitle "playchess.com"]
[Source "ChessBase"]
[SourceQuality "1"]
[WhiteTeam "South Africa"]
[BlackTeam "France"]
[WhiteTeamCountry "RSA"]
[BlackTeamCountry "FRA"]
[TimeControl "2700+10"]

1. e4 e5 2. Nf3 Nc6 3. Nc3 Nf6 4. d4 exd4 5. Nxd4 Bb4 6. Nxc6 bxc6 7. Bd3 O-O 8. O-O d5 9. exd5 cxd5 10. Qf3 {[%emt 0:00:30] C47: Scotch Four Knights and Four Knights with 4 g3.} c6 11. h3 Bd6 12. Bf4 {[%emt 0:00:19] The position is equal.} Be6 13. Rfe1 h6 14. Ne2 c5 15. Rad1 Rb8 16. b3 Re8 17. c4 d4 18. Ng3 Bxf4 19. Qxf4 Qa5 20. Ne4 Nxe4 21. Qxe4 {[%emt 0:00:10] Threatens to win with Qh7+.} g6 {[%emt 0:00:48] aiming for ...Bd7.} 22. Qf4 {[%emt 0:01:46][%cal Oe1e6] [#] And now Rxe6! would win.} Bd7 $146 (22... Qxa2 $2 23. Rxe6 $1 Rxe6 24. Qxb8+ $18) ({Predecessor:} 22... Bf5 23. Re5 Bxd3 24. Rxd3 Rxe5 25. Qxe5 Rc8 26. Rxd4 Qxa2 27. Rd7 Qxb3 28. Qd5 Qb1+ {1-0 (42) Zelcic,R (2554)-Bayer,B (2449) Austria 2013}) 23. Kf1 Qxa2 24. Qd6 (24. Qxh6 $11 {was the only way to keep the balance.} Rxe1+ 25. Rxe1) 24... Rxe1+ $17 ({Reject} 24... Qxb3 $6 25. Qxd7 Rxe1+ 26. Kxe1 $11) 25. Rxe1 Qxb3 26. Bxg6 Qxc4+ ({But not} 26... fxg6 27. Qxg6+ Kh8 28. Qxh6+ Kg8 29. Qg5+ Kh8 30. Qh6+ Kg8 31. Qg6+ Kh8 32. Qh6+ $16) 27. Kg1 Re8 28. Rxe8+ Bxe8 {[%emt 0:00:04] KQB-KQB} 29. Bf5 {[%emt 0:00:03] [#]} Qc1+ $1 30. Kh2 Qg5 31. Be4 (31. Bd3 $142) 31... Kg7 32. Bd5 $2 (32. Kg1 $17) 32... d3 $19 33. Qxc5 Qe5+ {[%emt 0:00:29] Weighted Error Value: White=0.34/Black=0.03 (flawless)} 0-1

[Event "FIDE WTC Prel-A 2022"]
[Site "Jerusalem"]
[Date "2022.11.21"]
[Round "4.11"]
[White "Gharamian, Tigran"]
[Black "Barrish, Daniel"]
[Result "1-0"]
[ECO "B52"]
[WhiteElo "2601"]
[BlackElo "2257"]
[Annotator "TA"]
[PlyCount "67"]
[EventDate "2022.11.20"]
[EventType "team-tourn"]
[EventCountry "ISR"]
[SourceTitle "playchess.com"]
[Source "ChessBase"]
[SourceQuality "1"]
[WhiteTeam "France"]
[BlackTeam "South Africa"]
[WhiteTeamCountry "FRA"]
[BlackTeamCountry "RSA"]
[TimeControl "2700+10"]

1. e4 c5 2. Nf3 d6 3. Bb5+ Bd7 4. c4 e5 5. Nc3 Be7 6. d3 {[%emt 0:00:26] B52: Sicilian: Moscow Variation with 3...Bd7.} Nc6 7. a3 {[%emt 0:00:22] [#]} a5 $146 ({Predecessor:} 7... Nf6 8. Bg5 Ng4 9. Bxc6 Bxc6 10. Bd2 O-O 11. h3 Nf6 12. b4 b6 13. b5 Bb7 {1-0 (54) Iskandarov,M (2535)-Sharapov,E (2380) Chess.com INT 2020}) 8. O-O {[%emt 0:01:40] White has an edge.} f5 9. exf5 (9. Nd5 {with more complications.} Nf6 10. exf5 Bxf5 11. d4) 9... Bxf5 10. Qa4 Bd7 11. Nd2 Nf6 12. Nde4 O-O 13. f4 Be8 14. Bd2 Nxe4 15. Nxe4 Bf6 (15... Rc8 $11) 16. Bc3 $14 {[%emt 0:02:24] White has more active pieces. The black rooks are badly placed.} exf4 {[%emt 0:10:02] Black is on the road to losing.} (16... Qd7 $14) 17. Nxf6+ $16 gxf6 (17... Rxf6 $16 {is a better defense.} 18. Bxf6 Qxf6) 18. Rxf4 $18 Ne5 19. d4 cxd4 20. Bxd4 Rc8 21. Raf1 Bg6 22. c5 Kg7 23. cxd6 Qxd6 24. Qxa5 Qd5 {[%emt 0:03:29] [#] aiming for ...Bd3.} 25. Qb6 Rc2 26. R4f2 Rf7 (26... Rxf2 $142 27. Rxf2 Be4) 27. a4 Rxf2 28. Rxf2 ({Don't play} 28. Bxf2 $6 Bd3 $16) 28... Ng4 29. Rf4 Qg5 30. Qd6 h5 (30... Ne5 {might work better.} 31. g3 h5) 31. h3 Nh6 32. h4 Qg3 33. Rxf6 Qe1+ 34. Rf1+ {[%emt 0:00:08] Weighted Error Value: White=0.08 (flawless) /Black=0.53} 1-0

[Event "FIDE WTC Prel-A 2022"]
[Site "Jerusalem"]
[Date "2022.11.21"]
[Round "4.12"]
[White "Mhango, Banele"]
[Black "Lagarde, Maxime"]
[Result "1/2-1/2"]
[ECO "A30"]
[WhiteElo "2210"]
[BlackElo "2573"]
[Annotator "TA"]
[PlyCount "103"]
[EventDate "2022.11.20"]
[EventType "team-tourn"]
[EventCountry "ISR"]
[SourceTitle "playchess.com"]
[Source "ChessBase"]
[SourceQuality "1"]
[WhiteTeam "South Africa"]
[BlackTeam "France"]
[WhiteTeamCountry "RSA"]
[BlackTeamCountry "FRA"]
[TimeControl "2700+10"]

1. Nf3 Nf6 2. g3 b6 3. Bg2 Bb7 4. O-O g6 5. c4 Bg7 6. Nc3 O-O 7. Qc2 c5 8. Rd1 {[%emt 0:01:11] A30: Symmetrical English: Double Fianchetto and Hedgehog.} d6 9. d4 cxd4 10. Nxd4 Bxg2 11. Kxg2 Qc8 (11... Qd7 {with more complications.} 12. b3 d5 13. cxd5 Nxd5 14. Bb2 Nxc3 15. Qxc3 Na6) 12. b3 Nbd7 13. Bb2 Qb7+ {[%emt 0:00:32] [#]} 14. f3 $146 ({Predecessor:} 14. Kg1 Rac8 15. Qd2 Nc5 16. f3 Ncd7 17. Nc2 a6 18. Nb4 b5 19. cxb5 axb5 20. Ncd5 {0-1 (46) Daroczy,S (2130)-Comp Genius 4 Debrecen 1998}) 14... Rac8 15. e4 {[%emt 0:00:12] Inhibits d5.} a6 16. Qe2 Rfe8 17. Rac1 Nc5 18. Nc2 Nfd7 19. Nb4 Ne5 20. Rb1 f5 (20... g5 $11) 21. exf5 $16 gxf5 22. Nbd5 e6 23. Nf4 Bf8 24. Rd2 Qf7 25. Rbd1 Ng6 26. Nxg6 hxg6 27. Qe3 e5 28. Nd5 b5 29. Qe2 (29. Qg5 $14 Nd7 30. cxb5 axb5 31. Kh1) 29... bxc4 (29... Ne6 $11) 30. Nb6 $14 ({Not} 30. Qxc4 {[#]} Ne4 $1 31. Ne7+ Bxe7 $17) ({Reject} 30. bxc4 Bh6 $11) 30... Rc6 31. Nxc4 Re6 32. Ba3 (32. Qe3 {keeps more tension.} Qh7 33. b4 Nd7 34. Qe2) 32... e4 33. Bxc5 exf3+ 34. Qxf3 Rxc5 35. Nxd6 Bxd6 36. Rxd6 Rxd6 37. Rxd6 {[%emt 0:00:02][%mdl 4096] Endgame KQR-KQR} ({Much weaker is} 37. Qa8+ Kh7 38. Rxd6 Rc2+ 39. Kh1 Qe7 $15) 37... Rc2+ 38. Kf1 {[%emt 0:00:34] [#] Hoping for Rd8+.} Rc1+ $1 39. Rd1 Rxd1+ 40. Qxd1 {[%emt 0:00:01] aiming for Qd6. KQ-KQ} Qb7 41. Qd8+ Kh7 42. Kf2 Qc6 43. Qh4+ Kg7 44. Qd4+ Kh7 $1 45. Qc4 {[%emt 0:00:32] Against Qc2+} Qd6 46. Qh4+ Kg7 47. Qf4 {[%emt 0:00:13] Against Qd2+} Qc5+ 48. Qe3 Qc2+ 49. Qe2 Qc5+ 50. Qe3 (50. Kf1 $14) 50... Qc2+ $11 51. Qe2 (51. Kg1 $11) 51... Qc5+ $1 $14 52. Qe3 {[%emt 0:00:01] Weighted Error Value: White=0.09 (flawless) /Black=0.09 (flawless)} ({White should try} 52. Kf1 $14) 1/2-1/2